 Dungeon Crawl Stone Soup version 0.28.0-43-g3370ac3207 (webtiles) character file.

Game seed: 13983439071895742262

735 ZappyNine the Stinger (level 7, -3/42 HPs)
             Began as a Gargoyle Venom Mage on Mar 21, 2022.
             Was an Initiate of Qazlal.
             Slain by a gnoll sergeant
             ... wielding a +0 spear
              (10 damage)
             ... on level 5 of the Dungeon.
             The game lasted 00:07:22 (5742 turns).

ZappyNine the Stinger (Gargoyle Venom Mage)         Turns: 5742, Time: 00:07:23

Health: -3/42      AC:  6    Str: 18    XL:     7   Next: 74%
Magic:  9/13       EV: 12    Int: 17    God:    Qazlal [......]
Gold:   185        SH:  0    Dex: 10    Spells: 4/14 levels left

rFire   . . .      SeeInvis .   h - +2 dagger (protect)
rCold   . . .      Faith    .   (no shield)
rNeg    + . .      Spirit   .   a - +0 robe
rPois   ∞          Reflect  .   (no helmet)
rElec   +          Harm     .   (no cloak)
rCorr   .          Rampage  .   (no gloves)
Will    .....                   (no boots)
Stlth   ++........              (no amulet)
HPRegen 0.14/turn               e - +6 ring of strength
MPRegen 0.13/turn               (no ring)

@: radiating poison
A: sickness immunity, AC +4, negative energy resistance 1, electricity
resistance, torment resistance 1, petrification resistance
a: Renounce Religion


You were on level 5 of the Dungeon.
You worshipped Qazlal.
Qazlal was noncommittal.
You visited 2 branches of the dungeon, and saw 6 of its levels.

You collected 185 gold pieces.

Inventory:

Hand Weapons
 h - a +2 dagger of protection (weapon)
 l - a +2 short sword of venom
Armour
 a - a +0 robe (worn)
Jewellery
 e - a +6 ring of strength (left hand)
Scrolls
 f - a scroll of identify
 g - 3 scrolls of teleportation
Potions
 b - a potion of lignification {unknown}
 c - a potion of flight {unknown}
 d - a potion of mutation {unknown}
 i - a potion of haste {unknown}
 j - a potion of curing
 k - a potion of degeneration


   Skills:
 + Level 3.8 Fighting
 - Level 1.6 Dodging
 - Level 2.3 Stealth
 + Level 4.4 Spellcasting
 - Level 3.0 Conjurations
 - Level 0.9 Transmutations
 - Level 2.1 Air Magic
 + Level 4.8 Poison Magic


You had 4 spell levels left.
You knew the following spells:

 Your Spells              Type           Power      Damage    Failure   Level
a - Sting                 Tmut/Pois      52%        1d5       4%          1
b - Poisonous Vapours     Pois/Air       30%        N/A       5%          2
c - Mephitic Cloud        Conj/Pois/Air  15%        N/A       12%         3
d - Olgreb's Toxic Radia  Pois           20%        N/A       21%         4

Your spell library contained the following spells:

 Spells                   Type           Power      Damage    Failure   Level
 Freeze                   Ice            12%        1d4       16%         1
 Summon Small Mammal      Summ           12%        N/A       16%         1
 Call Canine Familiar     Summ           3%         N/A       41%         3
 Frozen Ramparts          Ice            6%         1d2       41%         3
 Summon Guardian Golem    Hex/Summ       3%         N/A       41%         3
 Hailstorm                Conj/Ice       8%         3d4       63%         4
 Petrify                  Tmut/Erth      5%         N/A       77%         4
 Animate Armour           Summ/Erth      6%         N/A       83%         4
 Irradiate                Conj/Tmut      5%         3d15      88%         5
 Blade Hands              Tmut           3%         N/A       95%         5
 Iron Shot                Conj/Erth      4%         9d2       100%        6
 Sublimation of Blood     Necr           Unusable   N/A       N/A         2

Dungeon Overview and Level Annotations

Branches:
Dungeon (5/15)             Temple (1/1) D:5

Altars:
Ashenzari
Cheibriados
Elyvilon
Fedhas
Gozag
Nemelex Xobeh
Qazlal
Sif Muna
Trog
Uskayaw
Vehumet
Wu Jian
Xom
Yredelemnul
Zin
The Shining One

Shops:
D:1 [   D:4 *


Innate Abilities, Weirdness & Mutations

You are immune to sickness and miasma.
Your stone body is resilient. (AC +4)
You are immune to poison.
You resist negative energy. (rN+)
You are resistant to electric shocks. (rElec)
You are resistant to unholy torment.
You are immune to petrification.


Message History

The gnoll closely misses you. x2; The gnoll hits you but does no damage.
The gnoll sergeant hits you from afar with a +0 spear.
The gnoll hits you but does no damage.
You hit the gnoll but do no damage.
The gnoll is almost dead.
The gnoll hits you but does no damage. x2; The gnoll completely misses you.
The gnoll closely misses you. The gnoll barely misses you.
The gnoll sergeant hits you from afar with a +0 spear!
The gnoll hits you with a +0 flail.
You are too injured to fight recklessly!
You are too injured to fight recklessly!
You are too injured to fight recklessly!
You are too injured to fight recklessly!
You are too injured to fight recklessly!
You are too injured to fight recklessly!
You are too injured to fight recklessly!
You are too injured to fight recklessly!
You are too injured to fight recklessly!
You are too injured to fight recklessly!
Unknown command.
The gnoll hits you with a +0 flail.
The gnoll hits you from afar with a +0 spear.
* * * LOW HITPOINT WARNING * * *
The gnoll misses you.
Casting: Sting (safe; 4% risk of failure)
Confirm with . or Enter, or press ? or * to list all spells.
The spell is quite dangerous to miscast (21% risk of failure)!
Continue anyway?
Okay, then.
Casting: Olgreb's Toxic Radiance (quite dangerous; 21% risk of failure)
Confirm with . or Enter, or press ? or * to list all spells.
The spell is quite dangerous to miscast (21% risk of failure)!
Continue anyway?
You begin to radiate toxic energy.
The gnoll sergeant is poisoned.
The gnoll is poisoned. x8; The gnoll looks even sicker.
You kill the gnoll!
Qazlal accepts your kill.
The gnoll looks even sicker. x4; The gnoll barely misses you.
The gnoll hits you with a +0 whip.
* * * LOW HITPOINT WARNING * * *
The gnoll sergeant hits you from afar with a +0 spear!
You die...

########. #.## #####.
#... ...... #..# #####.
#... #######. #..##
#....... ... #....... #.#
#.......
##@#########.......
#gg........'.......
#gg#########....### #.g#
#........# #gg#
#.###.##.### #######g.#
#.###.##.#..
#....$...#####........'..
#...............##.##.#..
#........#####........+..


You could see a gnoll sergeant (poisoned) and 7 gnolls.

Vanquished Creatures
  An ice beast (D:5)
  An ogre (D:4)
  Blork the orc (D:4)
  3 scorpions
  A water moccasin zombie (D:5)
  A bullfrog skeleton (D:5)
  Terence (D:3)
  An iguana (D:5)
  A hound zombie (D:5)
  A hound skeleton (D:5)
  A mummy (D:5)
  5 adders
  A gnoll (D:5)
  A white imp (D:5)
  An ufetubus (D:5)
  A worm (D:3)
  3 dart slugs
  3 orcs (D:4)
  6 ball pythons
  8 endoplasms
  10 giant cockroaches
  5 goblins
  6 hobgoblins
  4 jackals (D:2)
  5 kobolds
  2 quokkas (D:1)
  3 bats
  5 frilled lizards
  6 rats
88 creatures vanquished.

Notes
Turn   | Place    | Note
-------+----------+-------------------------------------------
     0 | D:1      | ZappyNine the Gargoyle Venom Mage began the quest for the
                  | Orb.
     0 | D:1      | Reached XP level 1. HP: 10/10 MP: 3/3
   352 | D:1      | Reached XP level 2. HP: 15/15 MP: 5/5
   377 | D:1      | Found Exeap's Armour Shoppe.
   803 | D:1      | You fall into a shaft and drop 1 floor!
  1241 | D:1      | Reached skill level 1 in Fighting
  1241 | D:1      | Reached XP level 3. HP: 20/20 MP: 6/6
  1425 | D:2      | Learned a level 2 spell: Poisonous Vapours
  1898 | D:2      | Reached XP level 4. HP: 26/26 MP: 7/7
  2836 | D:3      | Found a blossoming altar of Fedhas.
  3064 | D:3      | Noticed Terence
  3093 | D:3      | Killed Terence
  3094 | D:3      | Reached XP level 5. HP: 12/31 MP: 2/9
  3380 | D:4      | Noticed Blork the orc
  3391 | D:4      | Killed Blork the orc
  3557 | D:4      | Learned a level 3 spell: Mephitic Cloud
  3588 | D:4      | Noticed an ogre
  3602 | D:4      | Killed an ogre
  3603 | D:4      | Reached skill level 1 in Conjurations
  3603 | D:4      | Reached skill level 1 in Air Magic
  3603 | D:4      | Reached XP level 6. HP: 11/37 MP: 1/11
  3903 | D:4      | Found a shimmering blue altar of Sif Muna.
  3913 | D:4      | Found a shimmering altar of Xom.
  4206 | D:4      | Found a radiant altar of Vehumet.
  4215 | D:4      | Found Deck's Lightly-Used Armoury.
  4290 | D:4      | Found Eevoas's Eclectic Emporium.
  4616 | D:4      | Found a bloodstained altar of Trog.
  4734 | D:4      | Learned a level 4 spell: Olgreb's Toxic Radiance
  4756 | D:5      | Entered Level 5 of the Dungeon
  4793 | D:5      | Noticed an ice beast
  4849 | D:5      | Killed an ice beast
  4850 | D:5      | Reached XP level 7. HP: 23/41 MP: 9/12
  4961 | D:5      | Found a sparkling altar of Nemelex Xobeh.
  5010 | D:5      | Found a staircase to the Ecumenical Temple.
  5053 | D:5      | HP: 1/42 [white imp/puff of frost (6)]
  5067 | D:5      | Found a sand-covered staircase.
  5120 | Temple   | Entered the Ecumenical Temple
  5469 | Temple   | Became a worshipper of Qazlal Stormbringer
  5742 | D:5      | Slain by a gnoll sergeant

Illustrated notes

Levels and vault maps discovered:
D:1:      lemuel_arrival_rhombus, layout_loops_ring, serial_shops,
          nicolae_shop_advertising_works [nicolae_subvault_shop_adworks]
D:2:      layout_basic
D:3:      layout_basic, mainiacjoe_overflow_cross_hatched, minmay_circle_x,
          uniq_terence
D:4:      layout_basic, xom_teletrap_fun, lemuel_crystal_altar,
          mainiacjoe_overflow_alcove_2, mainiacjoe_overflow_boulevard,
          nicolae_alphabet_shops, minmay_shop_damaged, grunt_decor_arrowhead,
          hangedman_decor_diamond_cutter, chequers_hall_statues_wall_a,
          palyth_stone_intersect, moated_statue, minmay_misc_feat_encased,
          uniq_blork_the_orc
D:5:      layout_basic, overflow_temple_1_default, minmay_temple_entry_glass,
          gup_ossuary_entry_pyramid
Temple:   jpeg_temple_alley_garden

Skill      XL: |  1  2  3  4  5  6  7 |
---------------+----------------------+-----
Fighting       | 1 2 3 |  3.8
Spellcasting   | 3 4 |  4.4
Poison Magic   | 4 |  4.8
Conjurations   | 1 2 3 |  3.0
Air Magic      | 1 2 |  2.1
Dodging        | |  1.6
Stealth        | |  2.3
Transmutations | |  0.9

Action                   |  1- 3 |  4- 6 |  7- 9 || total
-------------------------+-------+-------+-------++-------
Melee: Dagger            |   157 |   237 |    87 ||   481
       Unarmed           |    18 |       |       ||    18
       Punch             |     3 |     4 |     1 ||     8
 Cast: Sting             |     5 |     7 |     1 ||    13
       Poisonous Vapours |     6 |    21 |     5 ||    32
       Olgreb's Toxic Ra |       |       |     2 ||     2
  Use: Scroll            |       |     8 |       ||     8
       Potion            |       |     2 |     1 ||     3
 Stab: Sleeping          |     7 |     5 |       ||    12
       Invisible         |       |     1 |       ||     1
Armor: Robe              |    68 |   101 |    56 ||   225
Dodge: Dodged            |   132 |   170 |    93 ||   395
